 Dungeon Crawl Stone Soup version 0.30-a0-57-g8b159a9891 (webtiles) character file.

Game seed: 1290379888817294783

38 Conn the Firebug (level 3, 0/21 HPs)
             Began as an Octopode Fire Elementalist on Sept 11, 2022.
             Slain by a frilled lizard (2 damage)
             ... on level 2 of the Dungeon.
             The game lasted 00:01:44 (934 turns).

Conn the Firebug (Octopode Fire Elementalist)        Turns: 934, Time: 00:01:44

Health: 0/21       AC:  1    Str:  7    XL:     3   Next: 43%
Magic:  1/6        EV: 13    Int: 19    God:
Gold:   81         SH:  0    Dex: 12    Spells: 5/6 levels left

rFire   . . .      SeeInvis .    b - +0 dagger
rCold   . . .      Faith    .    (no shield)
rNeg    . . .      Spirit   .    (helmet restricted)
rPois   .          Reflect  .    (no amulet)
rElec   .          Harm     .    (no ring)
rCorr   .          Rampage  .    (no ring)
Will    .....                    (no ring)
Stlth   +++.......               (no ring)
HPRegen 0.07/turn                (no ring)
MPRegen 0.10/turn                (no ring)
                                 (no ring)
                                 (no ring)

@: no status effects
A: almost no armour, amphibious, 8 rings, camouflage 1, gelatinous body 1,
(nimble swimmer 1), tentacles
a: no special abilities


You were on level 2 of the Dungeon.
You visited 1 branch of the dungeon, and saw 2 of its levels.

You collected 81 gold pieces.

Inventory:

Hand Weapons
 b - a +0 dagger (weapon)
Scrolls
 d - a scroll of blinking {unknown}
 f - a scroll of immolation {unknown}
Potions
 a - a potion of magic
 c - a potion of flight {unknown}
 e - a potion of resistance {unknown}


   Skills:
 + Level 2.1 Dodging
 + Level 3.4 Stealth
 + Level 2.3 Spellcasting
 + Level 1.1 Conjurations
 + Level 3.7 Fire Magic


You had 5 spell levels left.
You knew the following spells:

 Your Spells              Type           Power      Damage    Failure   Level
a - Foxfire               Conj/Fire      44%        2x1d6     6%          1

Your spell library contained the following spells:

 Spells                   Type           Power      Damage    Failure   Level
 Scorch                   Fire           32%        2d6       5%          2
 Freeze                   Ice            8%         1d3       17%         1
 Conjure Flame            Conj/Fire      11%        6-21      19%         3
 Inner Flame              Hex/Fire       9%         N/A       22%         3
 Frozen Ramparts          Ice            4%         1d1       45%         3
 Flame Wave               Conj/Fire      11%        2d6       52%         4
 Hailstorm                Conj/Ice       4%         3d4       78%         4


Dungeon Overview and Level Annotations

Branches:
Dungeon (2/15)

Altars:

Shops:
D:1 *


Innate Abilities, Weirdness & Mutations

You cannot wear most types of armour.
You are amphibious.
You can wear up to eight rings at the same time.
Your skin changes colour to match your surroundings (Stealth+).
Your rubbery body absorbs attacks. (AC +1, EV +1)
((You are camouflaged when in or above water. (Stealth+)))
You have tentacles for arms and can constrict up to eight enemies at once.


Message History

The foxfire hits the iguana but does no damage.
The iguana is almost dead.
The foxfire hits the iguana but does no damage.
The iguana is almost dead.
The foxfire hits the iguana but does no damage.
The iguana is almost dead.
Unknown command.
You completely miss the iguana. Your grab misses the iguana.
The iguana is almost dead.
The iguana completely misses you.
You barely miss the iguana. You grab the iguana.
The iguana is almost dead.
You constrict the iguana, but do no damage.
The iguana bites you!
You hit the iguana but do no damage.
The iguana is almost dead.
You constrict the iguana, but do no damage.
The iguana bites you!
Ouch! That really hurt!
* * * LOW HITPOINT WARNING * * *
You hit the iguana but do no damage.
The iguana is almost dead.
You constrict the iguana. The iguana barely misses you.
You hit the iguana.
You kill the iguana!
You have reached level 3!
Your experience leads to an increase in your attributes!
Increase (S)trength, (I)ntelligence, or (D)exterity?
You feel clever. x2
Found 18 gold pieces.
There is a stone staircase leading up here.
Found a dagger.
You now have 81 gold pieces (gained 12).
A giant cockroach comes into view.
A giant cockroach is nearby!
A hobgoblin comes into view.
A frilled lizard comes into view.
The frilled lizard hisses angrily.
The frilled lizard bites you.
You die...

#.†..####
#.#.B...#
#.#..†.#####
####.#........#
...............
.......<.......
######...#######.#
#............
#...#@.......
#......#l$......
#g...###........
#.... ######.#.
#.... .# #)... +
#...


You could see a frilled lizard.

Vanquished Creatures
  An iguana (D:2)
  A dart slug (D:1)
  A bat (D:1)
  2 endoplasms (D:1)
  2 hobgoblins
  A ball python (D:1)
  A frilled lizard (D:1)
  2 kobolds (D:1)
  A rat (D:1)
12 creatures vanquished.

Vanquished Creatures (others)
  29 foxfires
29 creatures vanquished.

Grand Total: 41 creatures vanquished

Notes
Turn   | Place    | Note
-------+----------+-------------------------------------------
     0 | D:1      | Conn the Octopode Fire Elementalist began the quest for the
                  | Orb.
     0 | D:1      | Reached XP level 1. HP: 11/11 MP: 3/3
    17 | D:1      | Found Losucam's Assorted Antiques.
   232 | D:1      | Found a faded altar of an unknown god.
   297 | D:1      | Reached XP level 2. HP: 17/17 MP: 5/5
   926 | D:2      | Reached XP level 3. HP: 2/21 MP: 1/6
   934 | D:2      | Slain by a frilled lizard

Illustrated notes

Levels and vault maps discovered:
D:1:      wander_arrival_chamber, layout_basic, serial_shops,
          nicolae_square_shop, shapermc_ecumenical_altar_starsandcircs,
          minmay_misc_feat_ornament, kennysheep_boxes
D:2:      layout_basic

Skill      XL: |  1  2 |
---------------+-------+-----
Stealth        | 3 |  3.4
Dodging        | |  2.1
Spellcasting   | |  2.3
Conjurations   | |  1.1
Fire Magic     | |  3.7

Action                   || total
-------------------------++-------
Melee: Dagger            ||    10
       Constrict         ||     1
 Cast: Foxfire           ||    16
 Stab: Sleeping          ||     5
Dodge: Dodged            ||     3

Table legend: (Time is in decaauts)
 A = Elapsed time spent in this place.
 B = Non-inter-level travel time spent in this place.
 C = Inter-level travel time spent in this place.
 D = Time resting spent in this place.
 E = Time spent auto-exploring this place.
 F = Levels seen in this place.
 G = Mean time per level.
                   A        B        C        D        E       F      G
               +--------+--------+--------+--------+--------+-----+--------+
         Total |    933 |    923 |     10 |      0 |    720 |   2 |  466.5 |
       Dungeon |    933 |    923 |     10 |      0 |    720 |   2 |  466.5 |
               +--------+--------+--------+--------+--------+-----+--------+

Top non-repeatable levels by time:
     D:1: 910 daAuts
     D:2: 22 daAuts
